 Dungeon Crawl Stone Soup version 0.23.1 (webtiles) character file.

Game seed: 0

221580 night the Brawler (level 18, -5/138 HPs)
             Began as a Demonspawn Gladiator on Mar 9, 2019.
             Was the Champion of Cheibriados.
             Killed from afar by a merfolk aquamancer (34 damage)
             ... with a torrent of water
             ... on level 4 of the Shoals.
             The game lasted 02:48:27 (44834 turns).

night the Brawler (Demonspawn Gladiator)           Turns: 44834, Time: 02:48:28

Health: -5/138     AC: 28    Str: 45    XL:     18   Next: 50%
Magic:  26/26      EV: 19    Int: 38    God:    Cheibriados [******]
Gold:   2961       SH:  0    Dex: 27    Spells: 12/25 levels left

rFire    . . .     SeeInvis .     - Unarmed
rCold    + + +     Gourm    .   (no shield)
rNeg     + . .     Faith    .   l - +6 ice dragon scales of the Lily {rF- rC++ rN+ Int+7}
rPois    +         Spirit   .   Y - +2 hat
rElec    .         Reflect  .   g - scarf {rC+ rF+}
rCorr    .         Harm     .   R - +1 pair of gloves
MR       +....                  i - +0 pair of boots
Stlth    ..........             L - amulet of the acrobat
HPRegen  0.33/turn              V - ring of Reimbursement {Wiz Str+8 Dex-2}
MPRegen  0.20/turn              O - +4 ring of evasion

@: mighty, very slightly contaminated, invisible, very slow
A: horns 1, talons 1, yellow scales 2, poison resistance, powered by pain 3,
spiny 3
}: 1/15 runes: gossamer
a: Bend Time, Temporal Distortion, Slouch, Step From Time, Renounce Religion


You were on level 4 of the Shoals.
You worshipped Cheibriados.
Cheibriados was exalted by your worship.
You were not hungry.

You visited 6 branches of the dungeon, and saw 32 of its levels.
You also visited: Ice Cave.

You collected 3740 gold pieces.
You spent 779 gold pieces at shops.

Inventory:

Hand Weapons
 b - a +2 shortbow of velocity
Missiles
 c - 10 throwing nets (quivered)
 f - 844 arrows
Armour
 g - a scarf of resistance (worn)
 i - a +0 pair of boots (worn)
 l - the +6 ice dragon scales of the Lily (worn) {rF- rC++ rN+ Int+7}
   (You found it in an ice cave)

   It affects your intelligence (+7).
   It makes you vulnerable to fire.
   It greatly protects you from cold.
   It protects you from negative energy.
 H - a scarf of cloud immunity
 R - a +1 pair of gloves (worn)
 Y - a +2 hat (worn)
Magical Staves
 u - an uncursed staff of wizardry
Jewellery
 n - an uncursed ring of protection from magic
 p - an uncursed ring of fire
 y - a ring of the Octopus King {rCorr AC+1 EV+1 Str+1 Int+1 Dex+1}
   (You found it on level 4 of the Spider Nest)

   [ring of resist corrosion]

   It affects your AC (+1).
   It affects your evasion (+1).
   It affects your strength (+1).
   It affects your intelligence (+1).
   It affects your dexterity (+1).
 L - an amulet of the acrobat (around neck)
 O - a +4 ring of evasion (right hand)
 P - an uncursed ring of magical power
 S - the ring "Haecap" {+Inv rPois SInv Stlth+}
   (You found it on level 2 of the Lair of Beasts)

   [ring of poison resistance]

   It protects you from poison.
   It lets you see invisible.
   It lets you turn invisible.
   It makes you more stealthy.
 V - the ring of Reimbursement (left hand) {Wiz Str+8 Dex-2}
   (You found it on level 4 of the Spider Nest)

   [ring of wizardry]

   It improves your spell success rate.
   It affects your strength (+8).
   It affects your dexterity (-2).
 X - an uncursed ring of fire
 Z - an uncursed amulet of magic regeneration
Wands
 a - a wand of scattershot (4)
 e - a wand of enslavement (20)
 w - a wand of paralysis (19)
 D - a wand of iceblast (10)
 J - a wand of disintegration (18)
 T - a wand of polymorph (37)
 U - a wand of acid (34)
Scrolls
 h - 5 scrolls of immolation
 j - 16 scrolls of remove curse
 k - 3 scrolls of blinking
 q - 2 scrolls of silence
 s - 8 scrolls of teleportation
 x - 5 scrolls of fog
 C - 8 scrolls of fear
 I - 2 scrolls of magic mapping
 N - 11 scrolls of identify
Potions
 m - 2 potions of cancellation
 o - 2 potions of magic
 t - 3 potions of haste
 v - 8 potions of curing
 z - 6 potions of lignification
 B - 4 potions of agility
 E - 3 potions of flight
 G - 5 potions of heal wounds
 K - 3 potions of resistance
 M - 2 potions of brilliance
 W - 4 potions of might
Miscellaneous
 F - a lightning rod (4/4)
 Q - a phantom mirror
Comestibles
 d - 48 rations
 r - 4 chunks of flesh


   Skills:
 + Level 11.3 Fighting
 + Level 3.6 Bows
 - Level 1.7 Throwing
 + Level 10.2 Armour
 + Level 4.7 Dodging
 * Level 19.2 Unarmed Combat
 - Level 4.3 Spellcasting
 - Level 8.4 Conjurations
 - Level 5.9 Ice Magic
 + Level 13.4 Air Magic
 - Level 11.9 Invocations


You had 12 spell levels left.
You knew the following spells:

 Your Spells              Type           Power        Failure   Level  Hunger
a - Mephitic Cloud        Conj/Pois/Air  ######..     1%          3    None
b - Freezing Cloud        Conj/Ice/Air   ######....   9%          6    ######.
c - Airstrike             Air            #######...   1%          4    ###....

Your spell library contained the following spells:

 Spells                   Type           Power        Failure   Level  Hunger
 Magic Dart               Conj           ####         1%          1    None
 Shock                    Conj/Air       ####         1%          1    None
 Ensorcelled Hibernation  Hex/Ice        ####..       1%          2    None
 Poisonous Vapours        Pois/Air       ######       1%          2    None
 Searing Ray              Conj           ######       1%          2    None
 Swiftness                Chrm/Air       ######..     1%          2    None
 Conjure Flame            Conj/Fire      #####...     1%          3    None
 Dazzling Spray           Conj/Hex       #####.       1%          3    None
 Static Discharge         Conj/Air       #######.     1%          3    None
 Lightning Bolt           Conj/Air       #######...   1%          5    #####..
 Animate Skeleton         Necr           N/A          2%          1    None
 Apportation              Tloc           #.....       2%          1    None
 Confusing Touch          Hex            #.....       2%          1    None
 Corona                   Hex            #......      2%          1    None
 Pain                     Necr           #...         2%          1    None
 Summon Small Mammal      Summ           #...         2%          1    None
 Blink                    Tloc           N/A          3%          2    None
 Call Imp                 Summ           #.......     3%          2    None
 Shroud of Golubria       Chrm/Tloc      #.........   3%          2    None
 Slow                     Hex            #.......     3%          2    None
 Sticky Flame             Conj/Fire      #####...     4%          4    ###....
 Confuse                  Hex            #.......     8%          3    None
 Gell's Gravitas          Tloc           #.........   8%          3    None
 Lesser Beckoning         Tloc           #.........   8%          3    None
 Teleport Other           Tloc           #.......     8%          3    None
 Tukima's Dance           Hex            #.......     8%          3    None
 Passage of Golubria      Tloc           N/A          24%         4    ###....
 Dispel Undead            Necr           #.......     52%         5    #####..
 Bolt of Fire             Conj/Fire      #####.....   52%         6    ######.
 Ring of Flames           Chrm/Fire      #.........   100%        7    #######


Dungeon Overview and Level Annotations

Branches:
Dungeon (15/15)            Temple (1/1) D:5            Lair (6/6) D:10
 Shoals (4/4) Lair:2       Spider (4/4) Lair:2        Slime (0/5) Lair:6
    Orc (2/2) D:11            Elf (0/3) Orc:2        Vaults (0/5) D:14
 Depths (0/5) D:15

Altars:
Ashenzari
Cheibriados
Dithmenos
Elyvilon
Fedhas
Gozag
Hepliaklqana
Kikubaaqudgha
Makhleb
Nemelex Xobeh
Okawaru
Qazlal
Ru
Sif Muna
Trog
Uskayaw
Vehumet
Wu Jian
Xom
Yredelemnul
Zin
The Shining One

Shops:
D:4 ?   Orc:1 =   Orc:2 *[[!!

Annotations:
D:6 2 runed translucent doors, redwoodhats's ghost, novice TrAM
D:8 3 runed translucent doors, 2 transporters, 2 exclusions
Shoals:1 3 runed translucent doors, Wecaes's ghost, journeyman HOFE


Innate Abilities, Weirdness & Mutations

You have sharp toenails.
You are mostly covered in yellow scales. (AC +3)
You are powered by pain.
You are completely covered in sharp spines.
You have a pair of small horns on your head.
Your system is resistant to poisons. (rPois)


Message History

Press: ? - help, Dir - move target cursor, p - merfolk javelineer You are very lightly contaminated with residual magic.
As you read the scroll of blinking, it crumbles to dust.
You fade into invisibility!
The merfolk aquamancer casts a spell at you.
The ball of steam misses you.
The merfolk javelineer throws a javelin of returning.
The javelin of returning completely misses you.
The weapon returns to the merfolk javelineer!
The merfolk aquamancer is engulfed in a cloud of scalding steam.
You enter the shallow water.
Moving in this stuff is going to be slow. ...and don't expect to remain undetected.
The merfolk javelineer throws a javelin of returning.
The javelin of returning hits you!!
* * * LOW HITPOINT WARNING * * *
You feel much better.
The merfolk aquamancer points at you and mumbles some strange words.
The torrent of water hits you!!
You die...

≈≈≈≈≈≈≈≈≈≈≈.≈≈###.≈≈≈≈≈≈...≈
≈≈≈≈≈≈≈≈≈≈≈≈≈≈.##.≈≈≈≈≈.....
≈≈≈≈≈≈≈≈≈≈≈≈≈≈.##..≈≈≈≈.....
≈≈≈≈≈≈≈≈≈≈≈≈≈≈.....≈≈≈≈≈....
≈≈≈≈≈≈≈≈≈≈≈≈≈≈.#m§≈≈≈≈≈≈≈...
≈≈≈≈≈≈≈≈≈≈≈≈≈≈....≈≈≈§≈m≈≈≈≈
≈≈≈≈≈≈≈≈≈≈≈≈≈m...≈≈≈≈≈(≈≈≈≈≈
≈≈≈≈≈≈≈≈≈≈≈≈≈≈≈.....(≈≈≈≈≈≈≈
≈≈≈≈≈≈≈≈≈≈≈@..m....(≈≈≈≈≈mm≈
≈≈≈≈≈≈≈....#########.≈≈≈≈##≈
≈≈≈≈≈≈≈.###* #..≈≈##,,
≈≈≈≈≈≈≈,* #...≈#,,,
≈≈≈≈≈≈..* ######...#,,≈
≈≈≈≈≈≈..#*######..###..≈#,,≈
≈≈≈≈≈≈...##<.......##..≈##,≈
≈≈≈≈≈≈.........≈≈≈.###.≈≈###
≈≈≈≈≈≈≈....###.≈≈...÷..≈≈≈≈≈


You could see a merfolk javelineer and 2 merfolk aquamancers.

Vanquished Creatures
  Nikola (Shoals:3)
  Arachne (Spider:4)
  2 krakens
  Gastronok (Lair:3)
  Kirke (Shoals:1)
  2 tengu reavers (D:15)
  A fire giant (D:15)
  2 ghost moths (Spider:4)
  4 emperor scorpions
  6 entropy weavers
  A stone giant (D:15)
  9 spark wasps
  Azrael (D:13)
  Snorg (D:13)
  3 merfolk javelineers
  2 merfolk impalers
  A fire dragon (Lair:6)
  2 yaktaur captains (D:15)
  Erolcha (D:13)
  8 vault guards (D:14)
  A rakshasa (D:15)
  A great orb of eyes (D:15)
  6 hydras
  7 merfolk avatars
  2 satyrs (Shoals:3)
  A catoblepas (Lair:6)
  6 centaur warriors
  An ogre mage (D:15)
  2 tengu warriors
  A queen ant (Lair:2)
  6 death yaks
  3 two-headed ogres
  Urug (D:13)
  2 deep elf knights (D:15)
  2 skeletal warriors (D:15)
  14 slime creatures
  3 unseen horrors
  A swamp dragon (Lair:6)
  6 sea snakes
  6 orc knights
  5 deep elf magi (D:15)
  10 manticores
  18 orb spiders
  9 harpies
  A wolf spider zombie (D:14)
  14 ugly things
  A necromancer (Lair:6)
  30 wolf spiders
  13 fauns
  8 cyclopes
  3 moths of wrath
  8 merfolk sirens
  12 elephants
  A guardian serpent (Lair:6)
  An ice statue (IceCv)
  A water nymph (shapeshifter) (D:15)
  5 water nymphs
  A gargoyle (D:14)
  3 torpor snails
  5 orange demons (D:11)
  7 black mambas
  13 spiny frogs
  A redback zombie (D:14)
  5 rime drakes
  12 demonic crawlers
  An efreet (D:15)
  10 komodo dragons
  2 yaktaurs (D:15)
  A kobold demonologist (D:14)
  2 red devils (D:11)
  4 tyrant leeches
  5 trolls
  27 merfolk
  2 tengu conjurers (D:15)
  A queen bee (Lair:5)
  31 jumping spiders
  3 meliai (Lair:5)
  A polar bear (Lair:5)
  A wind drake (Shoals:1)
  Prince Ribbit (D:9)
  8 hornets
  7 blink frogs
  8 snapping turtles
  18 dream sheep
  8 hippogriffs
  A meliai zombie (D:15)
  20 tarantellas
  5 wraiths
  65 redbacks
  3 water elementals
  58 yaks
  A vampire (D:15)
  12 wyverns
  A shadow (D:15)
  3 hungry ghosts
  5 fire elementals (D:13)
  3 hogs (Shoals:1)
  2 steam dragons (Lair:6)
  A hog (shapeshifter) (D:15)
  6 basilisks
  4 wargs (D:11)
  3 acid dragons (D:15)
  16 water moccasins
  22 soldier ants
  3 hell hounds (D:13)
  4 porcupines
  31 orc warriors
  4 black bears
  2 swamp drakes (Lair:6)
  9 ice beasts
  2 phantoms
  2 necrophages
  5 sky beasts
  7 ogres
  An eye of draining (D:15)
  12 wolves
  14 centaurs
  15 crocodiles
  18 bullfrogs
  2 big kobolds
  4 earth elementals (Spider:4)
  A wyvern skeleton (D:10)
  5 scorpions
  35 killer bees
  3 electric eels
  11 wights
  7 howler monkeys
  4 centaur zombies
  9 crimson imps
  5 bullfrog zombies
  A quasit (D:8)
  8 centaur skeletons
  9 orc priests
  A gnoll shaman (D:9)
  5 hounds
  7 jellies
  15 orc wizards
  2 bullfrog skeletons
  3 iguanas
  31 worker ants
  5 hell rats (Lair:6)
  A polar bear simulacrum (Lair:6)
  6 yak simulacra (Lair:6)
  2 worker ant zombies
  7 gnolls
  11 adders
  A howler monkey skeleton (D:5)
  3 shadow imps
  An ooze (D:2)
  An adder zombie (D:9)
  An adder skeleton (D:4)
  3 worms
  2 dart slugs
  8 leopard geckos
  50 orcs
  4 giant cockroaches
  6 hobgoblins
  11 jackals
  23 kobolds
  7 quokkas
  3 ball pythons (D:3)
  5 bats
  7 frilled lizards
  7 goblins
  A leopard gecko zombie (D:8)
  2 quokka zombies
  4 rats
  4 river rat simulacra (Lair:6)
  3 plants
  5 tentacles
1172 creatures vanquished.

Vanquished Creatures (others)
  A black mamba (Lair:6)
  2 orc warriors (Orc:2)
  2 bushes (Shoals:3)
  14 fungi
  15 plants
  13 tentacles
47 creatures vanquished.

Grand Total: 1219 creatures vanquished

Notes
Turn   | Place    | Note
-------+----------+-------------------------------------------
     0 | D:1      | night the Demonspawn Gladiator began the quest for the Orb.
     0 | D:1      | Reached XP level 1. HP: 16/16 MP: 1/1
   219 | D:1      | Reached skill level 3 in Unarmed Combat
   475 | D:1      | Gained mutation: You are partially covered in yellow
                  | scales. (AC +2) [demonic ancestry]
   475 | D:1      | Reached XP level 2. HP: 21/22 MP: 2/2
  1089 | D:2      | Gained mutation: You are partially covered in sharp spines.
                  | [demonic ancestry]
  1089 | D:2      | Reached XP level 3. HP: 20/27 MP: 3/3
  1234 | D:2      | Reached skill level 4 in Unarmed Combat
  1906 | D:3      | Gained mutation: You sometimes gain a little power by
                  | taking damage. [demonic ancestry]
  1906 | D:3      | Reached XP level 4. HP: 33/33 MP: 4/4
  1977 | D:3      | Reached skill level 5 in Unarmed Combat
  2583 | D:4      | Found Mackenn's Magic Scroll Boutique.
  2583 | D:4      | Noticed a phantom
  2605 | D:3      | Killed a phantom
  2605 | D:3      | Reached XP level 5. HP: 26/38 MP: 5/5
  2717 | D:4      | Reached skill level 6 in Unarmed Combat
  2945 | D:4      | Bought a scroll of blinking for 105 gold pieces
  3042 | D:4      | Reached XP level 6. HP: 40/44 MP: 6/6
  3058 | D:4      | Found a bloodstained altar of Trog.
  3091 | D:4      | Identified the Compendium of Excruciating Black Rituals
  3548 | D:4      | Reached skill level 7 in Unarmed Combat
  3585 | D:4      | Gained mutation: You are mostly covered in sharp spines.
                  | [demonic ancestry]
  3585 | D:4      | Reached XP level 7. HP: 46/50 MP: 7/7
  3880 | D:5      | Entered Level 5 of the Dungeon
  3900 | D:5      | Found a staircase to the Ecumenical Temple.
  3906 | Temple   | Entered the Ecumenical Temple
  4038 | Temple   | Became a worshipper of Cheibriados the Contemplative
  4097 | D:5      | Found a sparkling altar of Nemelex Xobeh.
  4134 | D:5      | Reached skill level 8 in Unarmed Combat
  4529 | D:5      | Reached skill level 1 in Invocations
  5046 | D:6      | Reached * piety under Cheibriados
  5046 | D:6      | Gained mutation: You have sharp toenails. [demonic
                  | ancestry]
  5046 | D:6      | Reached XP level 8. HP: 47/56 MP: 8/10
  5156 | D:6      | Found a large runed translucent door.
  5157 | D:6      | Found a large runed translucent door.
  5165 | D:6      | Noticed redwoodhats's ghost (novice TrAM)
  5256 | D:6      | Learned a level 3 spell: Mephitic Cloud
  5401 | D:6      | Reached skill level 9 in Unarmed Combat
  6005 | D:7      | Reached skill level 5 in Invocations
  6416 | D:7      | Found a shattered altar of Ashenzari.
  6417 | D:7      | Found an ornate altar of the Wu Jian Council.
  6451 | D:7      | Reached ** piety under Cheibriados
  6482 | D:7      | Reached skill level 10 in Unarmed Combat
  6677 | D:7      | Reached XP level 9. HP: 54/61 MP: 13/13
  7075 | D:8      | Found a sparkling altar of Nemelex Xobeh.
  7582 | D:8      | Reached *** piety under Cheibriados
  7748 | D:8      | Noticed a tengu warrior
  7763 | D:8      | Killed a tengu warrior
  7763 | D:8      | Reached skill level 11 in Unarmed Combat
  7866 | D:8      | Noticed a two-headed ogre
  7876 | D:8      | Killed a two-headed ogre
  7876 | D:8      | Reached XP level 10. HP: 16/67 MP: 16/16
  8278 | D:8      | Found a runed translucent door.
  8278 | D:8      | Found a runed translucent door.
  8278 | D:8      | Noticed a two-headed ogre
  8278 | D:8      | Noticed a brown ugly thing
  8279 | D:8      | Found a runed translucent door.
  8437 | D:8      | Identified the +7 spear "Inies" {pain, rC+}
  8496 | D:8      | Found a transporter.
  8556 | D:8      | Found a transporter.
  8890 | D:9      | Found an opulent altar of Gozag.
  8905 | D:9      | Reached skill level 12 in Unarmed Combat
  9198 | D:9      | Noticed a two-headed ogre
  9203 | D:8      | Reached **** piety under Cheibriados
  9330 | D:9      | Reached skill level 10 in Invocations
  9369 | D:9      | Killed a two-headed ogre
  9510 | D:9      | Noticed Prince Ribbit
  9519 | D:9      | Killed Prince Ribbit
  9519 | D:9      | Reached skill level 13 in Unarmed Combat
  9949 | D:10     | Entered Level 10 of the Dungeon
 10640 | D:10     | Found a staircase to the Lair.
 10650 | D:10     | Gained mutation: You sometimes gain power by taking damage.
                  | [demonic ancestry]
 10650 | D:10     | Reached XP level 11. HP: 72/72 MP: 19/19
 10669 | D:10     | Reached skill level 1 in Armour
 11083 | Lair:1   | Entered Level 1 of the Lair of Beasts
 11169 | Lair:1   | Reached ***** piety under Cheibriados
 11211 | Lair:1   | Found a frozen archway.
 11219 | IceCv    | Entered an ice cave
 11223 | IceCv    | Gained mutation: You have a pair of small horns on your
                  | head. [potion of mutation]
 11223 | IceCv    | Gained mutation: Your system is resistant to poisons.
                  | (rPois) [potion of mutation]
 11514 | IceCv    | Noticed a white ugly thing
 11523 | IceCv    | Killed a white ugly thing
 11935 | IceCv    | Noticed a white ugly thing
 11941 | IceCv    | Killed a white ugly thing
 11971 | IceCv    | Got jewelled ice dragon scales
 12189 | IceCv    | Identified the +6 ice dragon scales of the Lily {rF- rC++
                  | rN+ Int+7} (You found it in an ice cave)
 12480 | Lair:1   | Reached skill level 14 in Unarmed Combat
 12646 | Lair:1   | Noticed an eight-headed hydra
 12656 | Lair:1   | Killed an eight-headed hydra
 12656 | Lair:1   | Reached skill level 5 in Fighting
 13924 | Lair:2   | Gained mutation: You are powered by pain. [demonic
                  | ancestry]
 13924 | Lair:2   | Reached XP level 12. HP: 25/86 MP: 20/20
 14247 | Lair:2   | Noticed a death yak
 14247 | Lair:2   | Noticed a death yak
 14247 | Lair:2   | Noticed a death yak
 14249 | Lair:2   | Noticed a death yak
 14251 | Lair:2   | Noticed a death yak
 14263 | Lair:2   | Killed a death yak
 14375 | Lair:2   | Killed a death yak
 14375 | Lair:2   | Reached skill level 5 in Armour
 14389 | Lair:2   | Killed a death yak
 14397 | Lair:2   | Killed a death yak
 14401 | Lair:2   | Killed a death yak
 14555 | Lair:2   | Got a coiled gossamer ring
 14707 | Lair:2   | Reached skill level 15 in Unarmed Combat
 14763 | Lair:2   | Found a hole to the Spider Nest.
 14840 | Lair:2   | Noticed a queen ant
 14856 | Lair:2   | Killed a queen ant
 15307 | Lair:2   | Reached ****** piety under Cheibriados
 15465 | Lair:2   | Found a staircase to the Shoals.
 15743 | Lair:3   | Noticed an eight-headed hydra
 15751 | Lair:3   | Killed an eight-headed hydra
 16061 | Lair:3   | Gained mutation: You are completely covered in sharp
                  | spines. [demonic ancestry]
 16061 | Lair:3   | Reached XP level 13. HP: 93/98 MP: 21/21
 16091 | Lair:3   | Noticed Gastronok
 16116 | Lair:3   | Killed Gastronok
 17332 | Lair:5   | Reached skill level 16 in Unarmed Combat
 17903 | Lair:5   | Identified the ring "Haecap" {+Inv rPois SInv Stlth+} (You
                  | found it on level 2 of the Lair of Beasts)
 18723 | Lair:6   | Entered Level 6 of the Lair of Beasts
 18995 | Lair:6   | Found a staircase to the Slime Pits.
 19287 | Lair:6   | Reached XP level 14. HP: 95/108 MP: 22/22
 20097 | Lair:6   | Reached skill level 17 in Unarmed Combat
 20526 | Lair:6   | Reached skill level 10 in Fighting
 21922 | D:11     | Found a staircase to the Orcish Mines.
 22367 | Orc:1    | Entered Level 1 of the Orcish Mines
 22760 | Orc:1    | Found Netziacice's Jewellery Emporium.
 22934 | Orc:2    | Entered Level 2 of the Orcish Mines
 24000 | Orc:2    | Found Yplazxyich's General Store.
 24250 | Orc:2    | Found a staircase to the Elven Halls.
 24384 | Orc:2    | Found Igivant Sywa's Distillery.
 24384 | Orc:2    | Found Nefadea's Antique Armour Emporium.
 24386 | Orc:2    | Found Maufalur's Armour Shoppe.
 24388 | Orc:2    | Found Dulyaruiwk's Distillery.
 24392 | Orc:2    | Bought a potion of heal wounds for 75 gold pieces
 24400 | Orc:2    | Bought a potion of cancellation for 104 gold pieces
 24501 | Orc:2    | Bought a book of Clouds for 495 gold pieces
 24508 | Orc:2    | Learned a level 6 spell: Freezing Cloud
 24562 | D:12     | Reached skill level 1 in Air Magic
 24611 | D:12     | Reached skill level 1 in Spellcasting
 25247 | D:12     | You fall through a shaft!
 25335 | D:13     | Reached XP level 15. HP: 117/117 MP: 23/23
 25346 | D:13     | Noticed Urug
 25353 | D:13     | Killed Urug
 25515 | D:13     | Found a shadowy altar of Dithmenos.
 25533 | D:13     | Noticed Azrael
 25557 | D:13     | Killed Azrael
 25831 | D:13     | Noticed Erolcha
 25833 | D:13     | Killed Erolcha
 25876 | D:13     | Noticed Snorg
 25884 | D:13     | Killed Snorg
 26223 | D:14     | Reached skill level 18 in Unarmed Combat
 26251 | D:14     | Got a translucent lajatang
 26252 | D:14     | Identified the +6 lajatang "Nilui" {flame, Str+4} (You
                  | found it on level 14 of the Dungeon)
 26270 | D:14     | Reached skill level 5 in Air Magic
 26815 | D:14     | Found a gate to the Vaults.
 27293 | D:15     | Entered Level 15 of the Dungeon
 27753 | D:15     | Found an iron altar of Okawaru.
 27753 | D:15     | Found a snail-covered altar of Cheibriados.
 27754 | D:15     | Found a blossoming altar of Fedhas.
 28005 | D:15     | Found a staircase to the Depths.
 28359 | D:15     | Reached skill level 1 in Conjurations
 28375 | D:15     | Noticed a tengu reaver
 28394 | D:15     | Killed a tengu reaver
 28801 | D:15     | Noticed a tengu reaver
 28809 | D:15     | Killed a tengu reaver
 29142 | D:15     | Gained mutation: You are mostly covered in yellow scales.
                  | (AC +3) [demonic ancestry]
 29142 | D:15     | Reached XP level 16. HP: 124/124 MP: 24/24
 30632 | Spider:1 | Entered Level 1 of the Spider Nest
 30772 | Spider:1 | Reached skill level 1 in Ice Magic
 31937 | Spider:1 | Reached skill level 10 in Air Magic
 32273 | Spider:2 | Reached skill level 5 in Conjurations
 35124 | Spider:4 | Entered Level 4 of the Spider Nest
 35601 | Spider:4 | Reached XP level 17. HP: 89/129 MP: 19/25
 35690 | Spider:4 | Got a clouded amber ring
 35750 | Spider:4 | Identified the ring of Reimbursement {Wiz Str+8 Dex-2} (You
                  | found it on level 4 of the Spider Nest)
 36245 | Spider:4 | Found the ring of the Octopus King
 36261 | Spider:4 | Got a ring of the Octopus King
 36263 | Spider:4 | Identified a ring of the Octopus King {rCorr AC+1 EV+1
                  | Str+1 Int+1 Dex+1} (You found it on level 4 of the Spider
                  | Nest)
 36368 | Spider:4 | Noticed Arachne
 36370 | Spider:4 | Reached skill level 5 in Ice Magic
 36911 | Spider:4 | Killed Arachne
 37489 | Spider:4 | Got a gossamer rune of Zot
 38963 | Shoals:1 | Entered Level 1 of the Shoals
 38969 | Shoals:1 | Learned a level 4 spell: Airstrike
 38993 | Shoals:1 | Noticed a kraken
 39457 | Shoals:1 | Killed a kraken
 39629 | Shoals:1 | Found a runed translucent gate.
 39630 | Shoals:1 | Found a runed translucent gate.
 39631 | Shoals:1 | Found a runed translucent gate.
 39632 | Shoals:1 | Noticed Wecaes's ghost (journeyman HOFE)
 39651 | Shoals:1 | Noticed Kirke
 39664 | Shoals:1 | Killed Kirke
 39664 | Shoals:1 | Reached skill level 1 in Bows
 40947 | Shoals:2 | Reached XP level 18. HP: 136/136 MP: 26/26
 41845 | Shoals:2 | Reached skill level 10 in Armour
 41866 | Shoals:2 | Reached skill level 19 in Unarmed Combat
 43494 | Shoals:3 | Noticed Nikola
 43734 | Shoals:3 | Killed Nikola
 43988 | Shoals:4 | Entered Level 4 of the Shoals
 44833 | Shoals:4 | HP: 2/138 [merfolk javelineer/javelin of returning (19)]
 44834 | Shoals:4 | Killed from afar by a merfolk aquamancer

Skill      XL: |  1  2  3  4  5  6  7  8  9 10 11 12 13 14 15 16 17 18 |
---------------+-------------------------------------------------------+-----
Unarmed Combat | 3 4 5 6 7 8 10 11 13 14 15 16 17 18 19 | 19.2
Invocations    | 2 6 8 10 11 | 11.9
Armour         | 4 6 8 9 10 | 10.2
Fighting       | 5 7 9 10 11 | 11.3
Air Magic      | 2 8 11 13 | 13.4
Spellcasting   | 1 3 4 |  4.3
Conjurations   | 2 6 8 |  8.4
Ice Magic      | 4 5 |  5.9
Dodging        | 3 4 |  4.7
Bows           | 1 3 |  3.6
Throwing       | |  1.7

Action                   |  1- 3 |  4- 6 |  7- 9 | 10-12 | 13-15 | 16-18 || total
-------------------------+-------+-------+-------+-------+-------+-------++-------
Melee: Unarmed           |   136 |   116 |   249 |   597 |  1006 |   735 ||  2839
       Punch             |     2 |     2 |    12 |    70 |   144 |   129 ||   359
       Headbutt          |       |       |       |   173 |   383 |   233 ||   789
 Fire: Shortbow          |       |       |     5 |    12 |    33 |   194 ||   244
Throw: Tomahawk          |       |       |    11 |     9 |       |     4 ||    24
 Cast: Mephitic Cloud    |       |       |       |       |    16 |     4 ||    20
       Freezing Cloud    |       |       |       |       |       |    39 ||    39
       Airstrike         |       |       |       |       |       |     2 ||     2
Invok: Slouch            |       |       |       |     3 |     2 |     4 ||     9
       Bend Time         |       |       |       |     1 |       |       ||     1
       Temporal Distorti |       |       |       |       |     1 |       ||     1
Evoke: Wand              |       |       |       |     5 |     5 |     7 ||    17
       Lightning rod     |       |       |       |       |     1 |       ||     1
  Use: Scroll            |       |     3 |       |    14 |     6 |     9 ||    32
       Potion            |       |     2 |     2 |     9 |     2 |     4 ||    19
 Stab: Distracted        |       |       |     1 |       |     2 |       ||     3
       Invisible         |       |       |       |     4 |       |       ||     4
       Confused          |       |       |       |       |    13 |     2 ||    15
       Sleeping          |       |       |       |       |     3 |       ||     3
       Held in net/web   |       |       |       |       |       |     1 ||     1
  Eat: Chunk             |     3 |     2 |     9 |    10 |    22 |    26 ||    72
       Ration            |       |     1 |       |     1 |     1 |     5 ||     8
Armor: Leather armour    |    31 |    30 |    34 |       |       |       ||    95
       Scale mail        |       |       |    29 |       |       |       ||    29
       Plate armour      |       |       |    31 |   128 |       |       ||   159
       Ice dragon scales |       |       |       |   153 |   505 |   509 ||  1167
Dodge: Dodged            |    70 |    51 |   111 |   269 |   765 |   846 ||  2112
